 Dungeon Crawl Stone Soup version 0.30-a0-329-g85436e0a43 (webtiles) character file.

Game seed: 1717505515451879200

127 Mgcat the Digger (level 5, -6/28 HPs)
             Began as a Gargoyle Earth Elementalist on Oct 28, 2022.
             Killed by divine providence
             ... invoked by an orc priest
              (9 damage)
             ... on level 4 of the Dungeon.
             The game lasted 00:04:17 (2655 turns).

Mgcat the Digger (Gargoyle Earth Elementalist)      Turns: 2655, Time: 00:04:18

Health: -6/28      AC:  9    Str: 12    XL:     5   Next: 11%
Magic:  14/18      EV: 12    Int: 17    God:
Gold:   182        SH:  0    Dex: 14    Spells: 9/10 levels left

rFire   . . .      SeeInvis .    c - +0 short sword (protect)
rCold   . . .      Faith    .    (no shield)
rNeg    + + .      Spirit   .    a - +0 robe
rPois   ∞          Reflect  .    e - +0 helmet
rElec   +          Harm     .    q - +0 cloak
rCorr   .          Rampage  .    x - +0 pair of gloves
Will    .....                    (no boots)
Stlth   ++........               (no amulet)
HPRegen 0.24/turn                n - ring of Morality {rN+ Dex+4}
MPRegen 0.16/turn                r - ring of magical power {MP+9}

@: no status effects
A: sickness immunity, AC +4, negative energy resistance 1, electricity
resistance, torment resistance 1, petrification resistance
a: no special abilities


You were on level 4 of the Dungeon.
You visited 1 branch of the dungeon, and saw 4 of its levels.

You collected 182 gold pieces.

Inventory:

Hand Weapons
 c - a +0 short sword of protection (weapon)
   (You took it off a kobold on level 1 of the Dungeon)
Armour
 a - a +0 robe (worn)
 e - a +0 helmet (worn)
   (You found it on level 1 of the Dungeon)
 q - a +0 cloak (worn)
   (You took it off Crazy Yiuf on level 2 of the Dungeon)
 x - a +0 pair of gloves (worn)
   (You found it on level 4 of the Dungeon)
Jewellery
 n - the ring of Morality (left hand) {rN+ Dex+4}
   (You found it on level 2 of the Dungeon)

   [ring of positive energy]

   Dex:       It affects your dexterity (+4).
   rN:        It protects you from negative energy.
 r - a ring of magical power (right hand) {MP+9}
   (You found it on level 3 of the Dungeon)
Wands
 o - a wand of flame (19)
   (You found it on level 2 of the Dungeon)
Scrolls
 d - 4 scrolls of identify {unknown}
 f - a scroll of magic mapping {unknown}
 h - a scroll of blinking {unknown}
 i - a scroll of poison {unknown}
 j - a scroll of enchant weapon {unknown}
 l - 3 scrolls of immolation {unknown}
 p - a scroll of torment {unknown}
 s - 2 scrolls of butterflies {unknown}
 t - a scroll of noise {unknown}
Potions
 b - 3 potions of magic
 g - 2 potions of mutation {unknown}
 k - 3 potions of heal wounds {unknown}
 m - a potion of curing {unknown}
 u - a potion of might {unknown}
 v - a potion of lignification {unknown}
 w - a potion of ambrosia {unknown}


   Skills:
 + Level 2.7 Dodging
 - Level 2.1 Stealth
 + Level 3.1 Spellcasting
 - Level 0.7 Transmutations
 + Level 4.9 Earth Magic


You had 9 spell levels left.
You knew the following spells:

 Your Spells              Type           Power      Damage    Failure   Level
a - Sandblast             Erth           38%        2d10      2%          1

Your spell library contained the following spells:

 Spells                   Type           Power      Damage    Failure   Level
 Passwall                 Tmut/Erth      10%        N/A       9%          2
 Freeze                   Ice            8%         1d3       17%         1
 Kiss of Death            Conj/Necr      8%         2d6       17%         1
 Necrotise                Necr           8%         1d4       17%         1
 Stone Arrow              Conj/Erth      22%        3d8       19%         3
 Confusing Touch          Hex            2%         N/A       45%         3
 Frozen Ramparts          Ice            4%         1d1       45%         3
 Hailstorm                Conj/Ice       2%         3d3       45%         3
 Vampiric Draining        Necr           2%         2d6       45%         3
 Petrify                  Tmut/Erth      12%        N/A       47%         4
 Dispel Undead            Necr           2%         3d7       86%         4
 Borgnjor's Vile Clutch   Necr/Erth      5%         N/A       86%         5
 Agony                    Necr           2%         N/A       99%         5
 Alistair's Intoxication  Tmut/Pois      2%         N/A       99%         5
 Eringya's Noxious Bog    Tmut/Pois      1%         N/A       100%        6


Dungeon Overview and Level Annotations

Branches:
Dungeon (4/15)
 Temple: D:4-7

Altars:
Gozag
Okawaru
Zin


Innate Abilities, Weirdness & Mutations

You are immune to sickness and miasma.
Your stone body is resilient. (AC +4)
You are immune to poison.
You resist negative energy. (rN+)
You are resistant to electric shocks. (rElec)
You are resistant to unholy torment.
You are immune to petrification.


Message History

Casting: Sandblast (safe; 2% risk of failure)
Confirm with . or Enter, or press ? or * to list all spells.
You can't see any susceptible monsters within range! (Use Z to cast anyway.) HP restored.
Items here: ))) [ †.
You see here a book of Frost.
You now have 182 gold pieces (gained 12).
An orc and an orc priest come into view.
The orc shouts!
An orc comes into view. It is wielding a +0 falchion.
The orc priest moves out of view.
Health restored: 28; MP restored: 18 An orc comes into view.
It is wielding a +0 dagger.
The orc shouts!
The orc priest shouts!
You hear a shout!
Spoiler Alert: The orc priest can smite you!
Casting: Sandblast (safe; 2% risk of failure)
Confirm with . or Enter, or press ? or * to list all spells.
Aiming: Sandblast (safe; 2% risk of failure)
Press: ? - help, Shift-Dir - straight line, f - orc
Aim: an orc, wielding a +0 dagger and wearing a +0 chain mail (87% to hit)
The blast of sand hits the orc but does no damage.
An orc wizard comes into view. It is wielding a +0 dagger.
You now have 17/18 mp.
Warning x2: The orc wizard (wandering) might cast Slow, Confuse, Throw Flame, Throw Frost, or go Invisible!
The orc priest can smite you!
Casting: Sandblast (safe; 2% risk of failure)
Confirm with . or Enter, or press ? or * to list all spells.
Aiming: Sandblast (safe; 2% risk of failure)
Press: ? - help, Shift-Dir - straight line, f/p - orc
Aim: an orc, wielding a +0 dagger and wearing a +0 chain mail (87% to hit)
You miscast Sandblast.
You are very lightly contaminated with residual magic.
Nothing appears to happen.
You now have 16/18 mp.
Spoiler Alert: The orc priest can smite you!
Casting: Sandblast (safe; 2% risk of failure)
Confirm with . or Enter, or press ? or * to list all spells.
Aiming: Sandblast (safe; 2% risk of failure)
Press: ? - help, Shift-Dir - straight line, f/p - orc
Aim: an orc, wielding a +0 dagger and wearing a +0 chain mail (87% to hit)
The blast of sand hits the orc.
The orc is moderately wounded.
An orc comes into view. It is wielding a +0 war axe.
The orc priest calls upon Beogh to heal the orc.
The orc's wounds heal themselves!
The orc barely misses you.
You now have 15/18 mp.
Warning x2: The orc wizard might cast Slow, Confuse, Throw Flame, Throw Frost, or go Invisible!
The orc priest can smite you!
Casting: Sandblast (safe; 2% risk of failure)
Confirm with . or Enter, or press ? or * to list all spells.
Aiming: Sandblast (safe; 2% risk of failure)
Press: ? - help, Shift-Dir - straight line, f/p - orc
Aim: an orc, wielding a +0 dagger and wearing a +0 chain mail (87% to hit)
The blast of sand hits the orc but does no damage.
The orc barely misses you.
The orc priest mumbles some strange prayers to Beogh against you.
Beogh smites you!
You take 11 damage, and have 17/28 hp.
MASSIVE DAMAGE!!
Warning x2: The orc wizard might cast Slow, Confuse, Throw Flame, Throw Frost, or go Invisible!
The orc priest can smite you!
Casting: Sandblast (safe; 2% risk of failure)
Confirm with . or Enter, or press ? or * to list all spells.
Aiming: Sandblast (safe; 2% risk of failure)
Press: ? - help, Shift-Dir - straight line, f/p - orc
Aim: an orc, wielding a +0 dagger and wearing a +0 chain mail (87% to hit)
The blast of sand hits the orc.
The orc is severely wounded.
The orc hits you but does no damage. The orc barely misses you. x2
You now have 14/18 mp.
Spoiler Alert: The orc wizard might cast Slow, Confuse, Throw Flame, Throw Frost, or go Invisible!
Casting: Sandblast (safe; 2% risk of failure)
Confirm with . or Enter, or press ? or * to list all spells.
Aiming: Sandblast (safe; 2% risk of failure)
Press: ? - help, Shift-Dir - straight line, f/p - orc
Aim: an orc, wielding a +0 dagger and wearing a +0 chain mail (heavily wounded, 87% to hit)
The blast of sand hits the orc but does no damage.
The orc is heavily wounded.
An endoplasm comes into view.
The orc hits you but does no damage. The orc misses you.
Your magical contamination has completely faded away.
You now have 13/18 mp.
Warning x2: The orc wizard might cast Slow, Confuse, Throw Flame, Throw Frost, or go Invisible!
The orc priest can smite you! The orc attacks as you move away!
The orc completely misses you.
Warning x2: The orc wizard might cast Slow, Confuse, Throw Flame, Throw Frost, or go Invisible!
The orc priest can smite you!
The orc enters a dispersal trap!
The orc blinks!
The orc wizard blinks!
The orc blinks! x2; The orc priest blinks!
You blink. 4 orcs come into view.
The orc blinks!
The orc priest barely misses you.
Warning x2: The orc wizard might cast Slow, Confuse, Throw Flame, Throw Frost, or go Invisible!
The orc priest can smite you!
The orc shouts!
The orc hits you but does no damage.
The orc priest calls down the wrath of Beogh upon you.
Beogh smites you!
Ouch! That really hurt!
* * * LOW HITPOINT WARNING * * *
The orc shouts!
You take 16 damage, and have 2/28 hp.
MASSIVE DAMAGE!!
Warning x2: The orc wizard might cast Slow, Confuse, Throw Flame, Throw Frost, or go Invisible!
The orc priest can smite you!
The endoplasm quivers.
The orc shouts! x2
The orc priest mumbles some strange prayers to Beogh against you.
Beogh smites you!
You die...

........# #...#
........# #.#.#
.J......# #.#.#
........##... #.#.#
........##.. #.#.#
........##.. .#.#.#
........##.. .#.#.####
o...ooooo#.# #.#.#.....
ooo....@o..# #.#.#####.
........#..# #.#.......
........#^.####.#.####..
........#..#....#.# #..
........##......######..
........##.#.#..........
........##.#.#.....###..
........##.#.#.#........
#.#.#.#.#.###.#


You could see an orc priest, an orc wizard, 8 orcs and an endoplasm.

Vanquished Creatures
  Crazy Yiuf (D:2)
  5 adders
  2 worms (D:2)
  3 orcs (D:4)
  4 bats
  5 endoplasms
  3 giant cockroaches
  A hobgoblin (D:2)
  5 kobolds
  2 quokkas
  4 ball pythons
  A frilled lizard (D:2)
  5 goblins
  4 rats
45 creatures vanquished.

Notes
Turn   | Place    | Note
-------+----------+-------------------------------------------
     0 | D:1      | Mgcat the Gargoyle Earth Elementalist began the quest for
                  | the Orb.
     0 | D:1      | Reached XP level 1. HP: 10/10 MP: 3/3
   399 | D:1      | Reached XP level 2. HP: 14/15 MP: 1/5
   800 | D:2      | Identified the ring of Morality {rN+ Dex+4}
   910 | D:2      | Reached skill level 2 in Dodging
   910 | D:2      | Reached skill level 4 in Earth Magic
   984 | D:2      | Reached XP level 3. HP: 19/19 MP: 3/6
  1069 | D:2      | Found an opulent altar of Gozag.
  1602 | D:2      | Found a runed translucent door.
  1603 | D:2      | Noticed Crazy Yiuf
  1607 | D:2      | HP: 4/19 [Crazy Yiuf/+3 quarterstaff of chaos (1)]
  1610 | D:2      | Killed Crazy Yiuf
  1611 | D:2      | Reached XP level 4. HP: 6/24 MP: 2/8
  1881 | D:3      | Reached skill level 3 in Spellcasting
  1962 | D:3      | Reached XP level 5. HP: 28/28 MP: 7/9
  2422 | D:4      | Found a glowing silver altar of Zin.
  2427 | D:4      | Found an iron altar of Okawaru.
  2654 | D:4      | HP: 2/28 [orc priest/divine providence (16)]
  2655 | D:4      | Killed from afar by an orc priest

Illustrated notes

Levels and vault maps discovered:
D:1:      ncdulo_smallfort, layout_rooms, minmay_tetromino_i2
D:2:      minmay_general_purpose_star, layout_loops_cross, basic_altar,
          serial_rivers, chequers_serial_rivers_micro_c,
          chequers_serial_rivers_micro_a, chequers_serial_rivers_small_a,
          chequers_serial_rivers_marsh, uniq_crazy_yiuf_cottage
D:3:      layout_basic, st_stairs_2
D:4:      layout_basic, nicolae_overflow_hidden_temple

Skill      XL: |  1  2  3  4 |
---------------+-------------+-----
Dodging        | 2 |  2.7
Earth Magic    | 4 |  4.9
Spellcasting   | 3 |  3.1
Stealth        | |  2.1
Transmutations | |  0.7

Action                   |  1- 3 |  4- 6 || total
-------------------------+-------+-------++-------
Melee: Short sword       |     1 |       ||     1
 Cast: Sandblast         |    55 |    22 ||    77
Armor: Robe              |    11 |     3 ||    14
Dodge: Dodged            |    26 |     8 ||    34

Table legend: (Time is in decaauts)
 A = Elapsed time spent in this place.
 B = Non-inter-level travel time spent in this place.
 C = Inter-level travel time spent in this place.
 D = Time resting spent in this place.
 E = Time spent auto-exploring this place.
 F = Levels seen in this place.
 G = Mean time per level.
                   A        B        C        D        E       F      G
               +--------+--------+--------+--------+--------+-----+--------+
         Total |   2694 |   2576 |    118 |      0 |   2169 |   4 |  673.5 |
       Dungeon |   2694 |   2576 |    118 |      0 |   2169 |   4 |  673.5 |
               +--------+--------+--------+--------+--------+-----+--------+

Top non-repeatable levels by time:
     D:2: 983 daAuts
     D:1: 766 daAuts
     D:3: 588 daAuts
     D:4: 356 daAuts

Table legend:
 A = Kills in this place as a percentage of kills in entire the game.
 B = Kills by you in this place as a percentage of kills by you in the entire game.
 C = Kills by friends in this place as a percentage of kills by friends in the entire game.
 D = Other kills in this place as a percentage of other kills in the entire game.
 E = Experience gained in this place as a percentage of experience gained in the entire game.
 F = Experience gained in this place divided by the number of levels of this place that you have seen.
                   A       B       C       D       E      F
               +-------+-------+-------+-------+-------+----------------------
         Total | 100.0 | 100.0 |   N/A |   N/A | 100.0 |  45.5
       Dungeon | 100.0 | 100.0 |   N/A |   N/A | 100.0 |  45.5
               +-------+-------+-------+-------+-------+----------------------
